Map: Oxide LE

Players

Oreo

  • Race: Zerg Zerg
  • Spawn Location: 7:00

Ranger - Winner!

  • Race: Protoss Protoss
  • Spawn Location: 1:00

Event: DreamHack SC2 Masters 2020 Winter

VOD

Have the link to the VOD?

Description

Time

  • Played on: Oct. 10, 2020, 10:27 p.m.
  • Length: 8:21

All games in this series

Show
View Real Time Build Order
Export as new Build Order

Oreo Zerg 

Build Orders: Pool First 

Get SALT Encoding   

  12  0:00  Drone  
  13  0:12  Overlord  
  13  0:16  Drone  
  14  0:25  Drone, Extractor  
  15  0:38  Spawning Pool  
  15  0:41  Drone  
  15  0:45  Drone  
  15  0:49  Drone  
  17  1:10  Drone x2  
  19  1:11  Extractor  
  18  1:20  Hatchery  
  17  1:26  Zergling x2  
  17  1:31  Queen  
  20  1:37  Drone  
  21  1:47  Overlord  
  21  1:55  Drone  
  22  2:06  Drone, Queen  
  25  2:11  Drone  
  26  2:16  Metabolic Boost  
  26  2:22  Zergling x2  
  27  2:33  Zergling x4  
  29  2:46  Hatchery  
  29  2:47  Drone  
  31  2:51  Drone x2  
  31  2:57  Overlord  
  31  3:01  Drone  
  31  3:03  Drone  
  34  3:12  Zergling x2  
  34  3:15  Overlord  
  34  3:17  Drone  
  34  3:19  Zergling x2  
  36  3:22  Zergling x2  
  36  3:24  Drone  
  38  3:27  Drone  
  39  3:39  Drone x3  
  40  3:44  Drone  
  39  3:50  Drone x4  
  41  4:03  Queen  
  41  4:05  Drone x2  
  41  4:08  Overlord  
  41  4:09  Drone  
  46  4:17  Roach Warren  
  46  4:18  Overlord  
  45  4:24  Lair  
  45  4:27  Drone  
  46  4:32  Queen  
  46  4:35  Zergling x2  
  46  4:36  Zergling x4  
  51  4:41  Overlord  
  51  4:42  Queen  
  51  4:45  Zergling x4  
  55  4:49  Zergling x6  
  58  4:54  Zergling x6  
  61  5:01  Roach x2  
  65  5:07  Spore Crawler  
  64  5:14  Roach x4  
  64  5:21  Roach, Overlord  
  70  5:31  Extractor  
  70  5:32  Zergling x4  
  70  5:35  Zergling x2  
  69  5:41  Zergling x4  
  69  5:42  Overseer  
  71  5:47  Zergling x6  
  71  5:49  Zergling x2  
  75  5:54  Overlord  
  75  5:58  Drone x2  
  75  5:59  Drone x2  
  79  6:05  Roach  
  79  6:06  Overlord  
  79  6:10  Overlord  
  78  6:26  Drone x9  
  83  6:37  Drone x4  
  87  6:41  Drone  
  87  6:42  Drone  
  87  6:46  Extractor x2  
  87  6:49  Glial Reconstitution  
  87  6:52  Drone, Extractor  
  87  6:53  Drone x2  
  91  6:55  Drone  
  91  6:57  Overlord  
  91  6:59  Overlord  
  91  7:00  Drone  
  93  7:03  Drone x2  
  93  7:06  Drone x3  
  93  7:08  Evolution Chamber  
  97  7:12  Drone x4  
  97  7:13  Drone  
  102  7:16  Queen  
  102  7:18  Drone  
  104  7:22  Extractor  
  104  7:24  Extractor  
  104  7:25  Roach  
  104  7:26  Roach x2  
  104  7:28  Overlord  
  106  7:34  Roach x3  
  106  7:36  Ravager x2  
  114  7:40  Overlord x2  
  114  7:46  Overlord  
  114  7:47  Zergling x6  
  120  7:51  Roach x2  
  120  7:54  Overlord  
  120  7:59  Roach x3  
  120  8:00  Roach  
Show
View Real Time Build Order
Export as new Build Order

Ranger Protoss - Winner!

Build Orders: 1 Gate Expand 

Get SALT Encoding   

  12  0:00  Probe  
  13  0:12  Probe  
  14  0:19  Pylon  
  14  0:24  Probe  
  15  0:38  Gateway, Probe (Chrono Boost)  
  16  0:46  Probe (Chrono Boost)  
  16  0:47  Assimilator  
  17  0:52  Probe  
  18  1:04  Probe  
  19  1:16  Probe  
  20  1:24  Nexus  
  20  1:35  Cybernetics Core  
  20  1:37  Zealot (Chrono Boost)  
  22  1:46  Pylon  
  22  1:55  Gateway  
  22  1:58  Probe  
  23  2:05  Zealot (Chrono Boost)  
  25  2:10  Assimilator  
  25  2:13  Warp Gate  
  25  2:15  Probe  
  26  2:29  Adept (Chrono Boost), Probe (Chrono Boost)  
  27  2:36  Probe (Chrono Boost)  
  30  2:42  Adept (Chrono Boost)  
  33  2:45  Probe x2 (Chrono Boost)  
  33  2:50  Probe (Chrono Boost)  
  34  2:51  Probe  
  34  2:57  Twilight Council  
  36  3:02  Probe  
  36  3:04  Adept  
  39  3:06  Probe  
  40  3:17  Probe (Chrono Boost)  
  40  3:18  Probe (Chrono Boost)  
  42  3:20  Robotics Facility  
  42  3:25  Pylon  
  42  3:29  Probe (Chrono Boost)  
  42  3:31  Probe (Chrono Boost)  
  44  3:34  Probe (Chrono Boost)  
  45  3:51  Probe  
  45  3:52  Probe  
  39  3:58  Resonating Glaives (Chrono Boost)  
  39  4:01  Stalker  
  39  4:02  Adept  
  43  4:07  Gateway  
  45  4:10  Gateway  
  45  4:11  Pylon  
  45  4:12  Warp Prism  
  45  4:14  Assimilator  
  45  4:23  Adept  
  47  4:24  Adept  
  47  4:27  Gateway  
  47  4:29  Probe  
  47  4:30  Probe  
  51  4:41  Probe  
  51  4:44  Robotics Bay  
  51  4:45  Probe  
  53  4:49  Pylon, Adept x2  
  57  4:53  Probe  
  58  5:04  Observer (Chrono Boost)  
  59  5:21  Nexus, Adept x3  
  63  5:23  Pylon, Adept  
  63  5:24  Pylon  
  59  5:28  Adept  
  61  5:38  Disruptor (Chrono Boost)  
  61  5:42  Gravitic Drive  
  64  5:55  Shield Battery  
  64  5:57  Gateway  
  64  5:58  Adept, Sentry  
  64  6:00  Gateway  
  64  6:02  Pylon  
  64  6:03  Adept x2  
  72  6:06  Probe x2  
  74  6:19  Probe  
  75  6:29  Disruptor (Chrono Boost)  
  75  6:35  Stalker x3  
  75  6:36  Zealot, Adept  
  75  6:39  Probe x2  
  91  6:43  Charge (Chrono Boost)  
  91  6:46  Gateway x2  
  90  6:47  Probe (Chrono Boost)  
  93  6:54  Pylon  
  93  6:55  Probe (Chrono Boost)  
  93  6:57  Probe (Chrono Boost)  
  93  6:59  Probe (Chrono Boost)  
  94  7:05  Immortal  
  94  7:06  Probe (Chrono Boost)  
  94  7:07  Probe x2 (Chrono Boost)  
  100  7:12  Pylon  
  102  7:15  Probe  
  102  7:16  Probe  
  102  7:17  Adept x2  
  105  7:30  Stalker x4  
  105  7:33  Probe x2  
  115  7:39  Stalker  
  115  7:41  Stalker, Zealot  
  115  7:44  Adept  
  121  8:04  Adept x4  
  113  8:14  Adept x2  
Tags
 
Add a new tag
Caveats
  • Supply blocks, unpowered buildings, or Contaminate may cause inaccurate times.
  • Supply counts are checked every 10 seconds.